 Dungeon Crawl Stone Soup version 0.27.1-1-g398f81649c (webtiles) character file.

Game seed: 3431729661469996643

6 AarnesTheHuman the Chucker (level 1, -1/23 HPs)
             Began as an Ogre Hunter on Sept 8, 2021.
             Slain by a hobgoblin (2 damage)
             ... on level 1 of the Dungeon.
             The game lasted 00:01:06 (387 turns).

AarnesTheHuman the Chucker (Ogre Hunter)             Turns: 387, Time: 00:01:06

Health: -1/23      AC:  3    Str: 15    XL:     1   Next: 90%
Magic:  1/1        EV: 10    Int: 12    God:
Gold:   24         SH:  0    Dex:  9    Spells: 0/0 levels left

rFire    . . .     SeeInvis .   a - +0 short sword
rCold    . . .     Faith    .   (no shield)
rNeg     . . .     Spirit   .   b - +0 robe
rPois    .         Reflect  .   (helmet restricted)
rElec    .         Harm     .   (no cloak)
rCorr    .         Rampage  .   (gloves unavailable)
Will     .....                  (boots unavailable)
Stlth    +.........             (no amulet)
HPRegen  0.07/turn              (no ring)
MPRegen  0.07/turn              (no ring)

@: no status effects
A: large, unfitting armour, tough skin 1
a: no special abilities


You were on level 1 of the Dungeon.
You visited 1 branch of the dungeon, and saw 1 of its levels.

You collected 24 gold pieces.

Inventory:

Hand Weapons
 a - a +0 short sword (weapon)
Missiles
 c - 7 large rocks (quivered)
 d - 2 throwing nets
Armour
 b - a +0 robe (worn)
Potions
 e - a potion of attraction {unknown}
 f - a potion of berserk rage {unknown}


   Skills:
 + Level 3.0 Fighting
 + Level 4.1 Throwing
 + Level 2.0 Dodging
 - Level 0.6 Stealth


You couldn't memorise any spells.
You didn't know any spells.
Your spell library contained the following spells:

 Spells                   Type           Power      Damage    Failure   Level
 Summon Small Mammal      Summ           0%         N/A       32%         1
 Call Canine Familiar     Summ           0%         N/A       69%         3
 Summon Guardian Golem    Hex/Summ       0%         N/A       69%         3


Dungeon Overview and Level Annotations

Branches:
Dungeon (1/15)

Altars:

Shops:
D:1 *:(


Innate Abilities, Weirdness & Mutations

You are too large for most types of armour.
You have tough skin. (AC +1)


Message History

You barely miss the goblin. The goblin hits you with a +0 dagger.
You hit the goblin.
You kill the goblin!
A hobgoblin comes into view.
The dart slug launches a dart at you. The slug dart hits you.
Your Fighting skill increases to level 3!
Your Dodging skill increases to level 2!
The dart slug bites you. The hobgoblin hits you.
You see here a +0 dagger.
You hit the hobgoblin.
The hobgoblin is almost dead.
The hobgoblin hits you. The dart slug bites you.
You are too injured to fight recklessly!
You closely miss the hobgoblin.
The hobgoblin is almost dead.
The hobgoblin hits you but does no damage.
The dart slug launches a dart at you. The slug dart hits you.
You hit the hobgoblin but do no damage.
The hobgoblin is almost dead.
The hobgoblin closely misses you.
Throw: 9 large rocks
Press: ? - help, Q - select action, (/) - cycle Shift-Dir - straight line, f - dart slug
Aim: a dart slug (93% to hit)
You throw a large rock. The large rock hits the dart slug.
The dart slug is heavily wounded.
The hobgoblin hits you but does no damage.
The dart slug closely misses you. The hobgoblin hits you.
* * * LOW HITPOINT WARNING * * *
The dart slug launches a dart at you. The slug dart hits you.
* * * LOW HITPOINT WARNING * * *
Throw: 8 large rocks
Press: ? - help, Q - select action, (/) - cycle Shift-Dir - straight line, f/p - dart slug
Aim: a dart slug (heavily wounded, 93% to hit)
You throw a large rock. The large rock hits the dart slug.
You kill the dart slug!
The hobgoblin barely misses you. The hobgoblin hits you.
You die...

#... .... ..#. ... #.#.
. ..#### ########.##
#.##....# #.. ..#....
....... ... #.##.##
#....# #.# ... ...
..##..g(# #.# #.# #.#
.......@######.###.###.#
...####.........∩..#....
#................#
#........#.###.###
#.########.....# # #.##
.###....### ...#.
...........
#...#.#####.....### ...
...............


You could see a hobgoblin.

Vanquished Creatures
  A dart slug (D:1)
  2 endoplasms (D:1)
  A goblin (D:1)
  A bat (D:1)
  2 frilled lizards (D:1)
7 creatures vanquished.

Notes
Turn   | Place    | Note
-------+----------+-------------------------------------------
     0 | D:1      | AarnesTheHuman the Ogre Hunter began the quest for the Orb.
     0 | D:1      | Reached XP level 1. HP: 22/22 MP: 1/1
    40 | D:1      | Found Inouhil's Book Shoppe.
    52 | D:1      | Found Qomit's Weapon Shoppe.
   363 | D:1      | Found Woralona's Assorted Antiques.
   386 | D:1      | HP: 1/23 [dart slug/slug dart (4)]
   387 | D:1      | Slain by a hobgoblin

Illustrated notes

Levels and vault maps discovered:
D:1:      minmay_arrival_five_plusses, layout_basic, serial_shops,
          nicolae_shop_stone, nicolae_shop_waterfront, shop, shop

Skill      XL: |  1 |
---------------+----+-----
Fighting       | 3 |  3.0
Dodging        | 2 |  2.0
Throwing       | |  4.1
Stealth        | |  0.6

Action                   || total
-------------------------++-------
Melee: Short sword       ||    24
Throw: Large rock        ||     2
Armor: Robe              ||     9
Dodge: Dodged            ||    13
